Match 48484240
Unlisted

Match 48484240
End
Scout Squad
Construct Weapon Support Center
M1919 Machine Gun Team
M1919 Machine Gun Team
M1919 Machine Gun Team
Infantry Support Center
Selects Armored Battlegroup
Selects Veteran Crews
Selects Fast Deploy
Bazooka Squad
M3 Armored Personnel Carrier
Construct Medical Station
Engineer Squad
Selects M31 Recovery Vehicle
Construct Tank Depot
Selects M8 Scott SPG
Mortar Pit
M8 Scott SPG
Selects UNKNOWN (2160077)
Bazooka Squad
M4A3E8 Sherman Easy Eight
Improved M9 Bazooka Rockets
Selects War Machine
M3 Armored Personnel Carrier
M1919 Machine Gun Team
M4A3E8 Sherman Easy Eight
Stana
MoronPark-MonikaのPants
Angrybirds
Xufe
0
0

Comments sign in to comment!

No comments posted yet!